 Dungeon Crawl Stone Soup version 0.32-a0-986-ga09f62fbf4 (webtiles) character file.

Game seed: 16819970400627165326

229 horus123 the Digger (level 5, -1/28 HPs)
             Began as a Deep Elf Earth Elementalist on Apr 22, 2024.
             Slain by Crazy Yiuf
             ... wielding a +4 quarterstaff of chaos
              (17 damage)
             ... on level 2 of the Dungeon.
             The game lasted 00:03:15 (1804 turns).

horus123 the Digger (Deep Elf Earth Elementalist)   Turns: 1804, Time: 00:03:16

Health: -1/28      AC:  2    Str:  5    XL:     5   Next: 71%
Magic:  21/23      EV: 11    Int: 22    God:
Gold:   116        SH:  0    Dex: 15    Spells: 6/14 levels left

rFire   + . .        g - staff of fire
rCold   . . .        (no shield)
rNeg    . . .        a - +0 robe
rPois   .            (no helmet)
rElec   .            (no cloak)
rCorr   .            (no gloves)
SInv    .            (no boots)
Will    .....        (no amulet)
Stlth   ++           e - ring of wizardry
HPRegen 0.24/turn    o - ring of magical power
MPRegen 0.18/turn

%: wizardry (x1)
@: lethally poisoned (-1 -> -11)
A: no striking features
a: no special abilities


You were on level 2 of the Dungeon.
You visited 1 branch of the dungeon, and saw 2 of its levels.

You collected 116 gold pieces.

Inventory:

Armour
 a - a +0 robe (worn)
Magical Staves
 g - a staff of fire (weapon)
Jewellery
 e - a ring of wizardry (left hand)
 o - a ring of magical power (right hand)
Scrolls
 c - 2 scrolls of identify {unknown}
 d - a scroll of fog {unknown}
 i - a scroll of immolation {unknown}
 j - 2 scrolls of teleportation {unknown}
 l - 2 scrolls of acquirement {unknown}
 m - a scroll of fear {unknown}
Potions
 b - a potion of magic
 f - 3 potions of curing {unknown}
 h - a potion of attraction {unknown}
 k - a potion of enlightenment {unknown}
 n - 2 potions of heal wounds {unknown}
 p - a potion of berserk rage {unknown}


   Skills:
 - Level 2.4 Dodging
 - Level 2.4 Stealth
 - Level 5.0 Spellcasting
 - Level 1.1 Conjurations
 + Level 6.3 Earth Magic


You had 6 spell levels left.
You knew the following spells:

 Your Spells              Type           Power      Damage    Failure   Level
a - Sandblast             Erth           66%        2d15      1%          1
b - Stone Arrow           Conj/Erth      42%        3d9       2%          3
c - Petrify               Alch/Erth      19%        N/A       12%         4

Your spell library contained the following spells:

 Spells                   Type           Power      Damage    Failure   Level
 Passwall                 Erth           33%        N/A       1%          3
 Ensorcelled Hibernation  Hex/Ice        10%        N/A       6%          2
 Brom's Barrelling Bould  Conj/Erth      21%        2d4       9%          4
 Inner Flame              Hex/Fire       8%         N/A       12%         3
 Swiftness                Air            5%         N/A       12%         3
 Irradiate                Conj/Alch      3%         3d12      63%         5
 Ignition                 Fire           4%         3d4       100%        8


Dungeon Overview and Level Annotations

Branches:
Dungeon (2/15)

Altars:
Yredelemnul

Annotations:
D:2 Crazy Yiuf


Message History

Found a ring mail.
No target in view!
No target in view!
A frilled lizard comes into view.
There is a stone staircase leading down here.
A frilled lizard is nearby!
You can't see any susceptible monsters within range! (Use Z to cast anyway.)
A frilled lizard is nearby!
The blast of sand hits the frilled lizard!
You kill the frilled lizard!
You now have 107 gold pieces (gained 13).
Found an escape hatch in the ceiling.
You now have 116 gold pieces (gained 9).
A hobgoblin comes into view.
You can't see any susceptible monsters within range! (Use Z to cast anyway.)
A hobgoblin is nearby!
The blast of sand hits the hobgoblin!
You kill the hobgoblin!
You see here a +0 ring mail.
You see here a +0 hammer.
Crazy Yiuf shouts!
Crazy Yiuf twirls on the spot.
You open the door.
Aiming: Sandblast (safe; 1% risk of failure)
Press: ? - help, Q - select action, (/) - cycle Shift-Dir - straight line, f - Crazy Yiuf
Aim: Crazy Yiuf, wielding a +4 quarterstaff of chaos and wearing a +0 cloak (86% to hit)
The blast of sand hits Crazy Yiuf!
Crazy Yiuf is moderately wounded.
Crazy Yiuf hits you with a +4 quarterstaff of chaos!
You are poisoned.
Aiming: Sandblast (safe; 1% risk of failure)
Press: ? - help, Q - select action, (/) - cycle Shift-Dir - straight line, f/p - Crazy Yiuf
Aim: Crazy Yiuf, wielding a +4 quarterstaff of chaos and wearing a +0 cloak (moderately wounded, 86% to hit)
The blast of sand hits Crazy Yiuf!
Crazy Yiuf is severely wounded.
You feel very sick. Crazy Yiuf closely misses you.
Crazy Yiuf hits you with a +4 quarterstaff of chaos!
Ouch! That really hurt!
You die...

#.#
#.##..####)...#
#.# #.##.##
##..##
##.###.##.##
#)P..#
...........#
##P..#
##.###.#####
##.## #.# #.#
##.# #.# #.#
#.## #.###.#
##.# ##.##..#
#@## ..#.#.##
#g# ##.#...####
... #.........#
#...#
#.##...##.#
#)..#
#.###.###.##
##### #.#
#......#
#.###.###.##
......# #.#


You could see Crazy Yiuf.

Vanquished Creatures
  Sigmund (D:2)
  An adder (D:2)
  A dart slug (D:2)
  2 ball pythons
  5 bats
  2 endoplasms (D:2)
  5 giant cockroaches
  4 goblins
  6 hobgoblins
  7 jackals
  A quokka (D:1)
  4 frilled lizards
  8 kobolds
  6 rats
53 creatures vanquished.

Notes
Turn   | Place    | Note
-------+----------+-------------------------------------------
     0 | D:1      | horus123 the Deep Elf Earth Elementalist began the quest
                  | for the Orb.
     0 | D:1      | Reached XP level 1. HP: 10/10 MP: 6/6
   230 | D:1      | Found a faded altar of an unknown god.
   248 | D:1      | Reached XP level 2. HP: 15/15 MP: 6/9
   649 | D:1      | Reached XP level 3. HP: 19/19 MP: 9/11
   829 | D:2      | Reached skill level 5 in Spellcasting
   895 | D:2      | Noticed Sigmund
   915 | D:2      | Killed Sigmund
   916 | D:2      | Reached skill level 6 in Earth Magic
   916 | D:2      | Reached XP level 4. HP: 18/24 MP: 3/13
   916 | D:2      | Reached XP level 5. HP: 21/28 MP: 3/14
  1032 | D:2      | Found a runed translucent door.
  1033 | D:2      | Noticed Crazy Yiuf
  1117 | D:2      | Learned a level 3 spell: Stone Arrow
  1122 | D:2      | Learned a level 4 spell: Petrify
  1170 | D:2      | Found a basalt altar of Yredelemnul.
  1804 | D:2      | Slain by Crazy Yiuf

Illustrated notes

Levels and vault maps discovered:
D:1:      dpeg_arrival_three_smaller_balls, layout_rooms,
          ebering_ecumenical_altar_sacrificial
D:2:      layout_loops_ring, basic_altar, minmay_puff, uniq_crazy_yiuf_cottage,
          uniq_sigmund

Skill      XL: |  1  2  3 |
---------------+----------+-----
Spellcasting   | 4 5 |  5.0
Earth Magic    | 6 |  6.3
Dodging        | |  2.4
Stealth        | |  2.4
Conjurations   | |  1.1

Action                     |  1- 3 |  4- 6 || total
---------------------------+-------+-------++-------
  Melee: Staff             |       |     3 ||     3
   Cast: Sandblast         |    45 |    22 ||    67
 Armour: Robe              |    17 |     5 ||    22
  Dodge: Dodged            |    11 |     8 ||    19

Table legend: (Time is in decaauts)
 A = Elapsed time spent in this place.
 B = Non-inter-level travel time spent in this place.
 C = Inter-level travel time spent in this place.
 D = Time resting spent in this place.
 E = Time spent auto-exploring this place.
 F = Levels seen in this place.
 G = Mean time per level.
                   A        B        C        D        E       F      G
               +--------+--------+--------+--------+--------+-----+--------+
         Total |   1835 |   1798 |     37 |     93 |   1386 |   2 |  917.5 |
       Dungeon |   1835 |   1798 |     37 |     93 |   1386 |   2 |  917.5 |
               +--------+--------+--------+--------+--------+-----+--------+

Top non-repeatable levels by time:
     D:2: 1017 daAuts
     D:1: 818 daAuts
